 Dungeon Sprint DCSS version 0.30-a0-953-g5f1da4a474 (webtiles) character file.

Game seed: 12080302335697089290

1088 dialectric the Imperceptible (level 8, -5/42 HPs)
             Began as a Spriggan Brigand on Mar 28, 2023.
             Slain by a wyvern (14 damage)
             ... in the Dungeon (Sprint II: "The Violet Keep of Menkaure").
             The game lasted 00:01:04 (122 turns).

dialectric the Imperceptible (Spriggan Brigand)      Turns: 122, Time: 00:01:05

Health: -5/42      AC:  3    Str:  7    XL:     8   Next: 9%
Magic:  9/9        EV: 18    Int: 13    God:
Gold:   486        SH:  0    Dex: 18    Spells: 7/7 levels left

rFire   . . .      SeeInvis +    a - +2 dagger
rCold   . . .      Faith    .    (no shield)
rNeg    . . .      Spirit   .    b - +0 robe
rPois   .          Reflect  .    (helmet restricted)
rElec   .          Rampage  .    c - +0 cloak
rCorr   .          NoTele   +    (gloves unavailable)
Will    +....                    (boots unavailable)
Stlth   ++++++++                 (no amulet)
HPRegen 0.27/turn                (no ring)
MPRegen 0.11/turn                (no ring)

@: on berserk cooldown, very quick
A: very small, no large weapons, unfitting armour, see invisible, speed 3
a: no special abilities


You were in the Dungeon.
You visited 1 branch You collected 486 gold pieces.

Inventory:

Hand Weapons
 a - a +2 dagger (weapon)
Missiles
 d - 8 poisoned darts (quivered)
 e - 2 curare-tipped darts
Armour
 b - a +0 robe (worn)
 c - a +0 cloak (worn)
Scrolls
 k - a scroll of blinking
Potions
 h - a potion of haste
 i - 2 potions of magic


   Skills:
 + Level 4.4 Fighting
 + Level 6.4 Short Blades
 - Level 5.9 Throwing
 + Level 3.4 Dodging
 + Level 22.4 Stealth


You had 7 spell levels left.
You didn't know any spells.
Your spell library was empty.

Dungeon Overview and Level Annotations

Branches:
Dungeon (1/1)

Altars:

Shops:
D [


Innate Abilities, Weirdness & Mutations

You are very small and have problems with some larger weapons.
You are too small for most types of armour.
You have supernaturally acute eyesight. (SInv)
You cover ground extremely quickly. (Speed+++)


Message History

You are no longer berserk.
You are exhausted.
You feel yourself slow down.
There is an open door here.
Things that are here:
a necrophage corpse; a necrophage corpse; a necrophage corpse
There is a staircase leading out of the dungeon here.
You start resting.
You feel yourself speed up.
You open the door. 2 wyverns come into view.
Found 243 gold pieces.
The wyvern hisses angrily.
There is an open door here.
You see here 243 gold pieces.
The helpless wyvern fails to defend itself.
You stick the wyvern like a pincushion!!!!!
You kill the wyvern!
The wyvern closely misses you.
Your Stealth skill increases to level 22!
You have reached level 8!
You closely miss the wyvern. The wyvern bites you!
You barely miss the wyvern. The wyvern closely misses you.
You hit the wyvern.
The wyvern is lightly wounded.
The wyvern bites you!
You hit the wyvern.
The wyvern is moderately wounded.
The wyvern misses you.
You closely miss the wyvern.
The wyvern is moderately wounded.
The wyvern barely misses you.
You hit the wyvern but do no damage.
The wyvern is lightly wounded.
The wyvern bites you. x2
* * * LOW HITPOINT WARNING * * *
You barely miss the wyvern.
The wyvern is lightly wounded.
The wyvern bites you!
You die...

.#~~~~##...## #
.#~~~~#..#..#
.#~~####...####
.#~##.###'###.##
.#~##..##)##...#
.+ +.##'.<.†#
##†.##.##...#
#†###l###.##
####.#@# ##
#.###†# ## ##


You could see a wyvern.

Vanquished Creatures
  A merfolk siren (D)
  A wyvern (D)
  Menkaure (D)
  4 necrophages (D)
  4 scorpions (D)
11 creatures vanquished.

Vanquished Creatures (others)
  A water moccasin (D)
1 creature vanquished.

Grand Total: 12 creatures vanquished

Notes
Turn   | Place    | Note
-------+----------+-------------------------------------------
     0 | D        | dialectric the Spriggan Brigand began the quest for the
                  | Orb.
     0 | D        | Reached XP level 1. HP: 10/10 MP: 2/2
     1 | D        | Noticed a scorpion
     1 | D        | Noticed a scorpion
     1 | D        | Noticed a scorpion
     1 | D        | Noticed a scorpion
     4 | D        | Killed a scorpion
     5 | D        | Reached skill level 11 in Stealth
     5 | D        | Reached XP level 2. HP: 14/16 MP: 3/3
     5 | D        | Reached XP level 3. HP: 16/19 MP: 4/4
     6 | D        | Killed a scorpion
     7 | D        | Reached skill level 13 in Stealth
     7 | D        | Reached XP level 4. HP: 13/23 MP: 5/5
    10 | D        | Killed a scorpion
    11 | D        | Reached skill level 15 in Stealth
    11 | D        | Reached XP level 5. HP: 12/28 MP: 6/6
    13 | D        | Reached skill level 16 in Stealth
    20 | D        | Noticed a merfolk siren
    37 | D        | Killed a water moccasin
    39 | D        | Killed a merfolk siren
    40 | D        | Reached skill level 5 in Short Blades
    40 | D        | Reached skill level 5 in Throwing
    40 | D        | Reached skill level 19 in Stealth
    40 | D        | Reached XP level 6. HP: 33/33 MP: 7/7
    40 | D        | Reached XP level 7. HP: 37/37 MP: 8/8
    50 | D        | Noticed Menkaure
    51 | D        | Found Peiczaxa's Antique Armour Shoppe.
    52 | D        | Killed Menkaure
    53 | D        | Reached skill level 20 in Stealth
    72 | D        | Reached skill level 21 in Stealth
   112 | D        | Noticed a wyvern
   112 | D        | Noticed a wyvern
   115 | D        | Killed a wyvern
   116 | D        | Reached skill level 22 in Stealth
   116 | D        | Reached XP level 8. HP: 42/42 MP: 9/9
   122 | D        | Slain by a wyvern

Illustrated notes

Levels and vault maps discovered:
D:        the_violet_keep_of_menkaure [sprint2_stairs_cluster_1,
          sprint2_shoproom, sprint2_temple, sprint2_basic_supplies,
          sprint2_obstacle_1, sprint2_obstacle_2, sprint2_obstacle_5,
          sprint2_obstacle_7, sprint2_obstacle_6, sprint2_timed_cluster_1,
          sprint2_smallroom_cluster_1, sprint2_smallroom_final_cluster_1,
          sprint2_transparent_cluster_1, sprint2_second_timed_cluster_1,
          sprint2_sniper_area_1, sprint2_heavy_combat_area_1,
          sprint2_mutation_trap_area_1, sprint2_forest_area_1,
          sprint2_light_combat_area_1, sprint2_behind_water_1,
          sprint2_near_end_vault_1]

Skill      XL: |  1  2  3  4  5  6  7 |
---------------+----------------------+-----
Fighting       | 2 3 4 |  4.4
Short Blades   | 3 4 5 6 |  6.4
Stealth        | 11 13 15 19 22 | 22.4
Throwing       | 3 5 |  5.9
Dodging        | 2 3 |  3.4

Action                     |  1- 3 |  4- 6 |  7- 9 || total
---------------------------+-------+-------+-------++-------
  Melee: Dagger            |     1 |     3 |    30 ||    34
  Throw: Dart              |     2 |    11 |       ||    13
    Use: Potion            |       |     2 |     1 ||     3
   Stab: Sleeping          |     1 |     2 |     2 ||     5
 Armour: Robe              |       |       |     1 ||     1
  Dodge: Dodged            |       |     2 |     8 ||    10

Table legend: (Time is in decaauts)
 A = Elapsed time spent in this place.
 B = Non-inter-level travel time spent in this place.
 C = Inter-level travel time spent in this place.
 D = Time resting spent in this place.
 E = Time spent auto-exploring this place.
 F = Levels seen in this place.
 G = Mean time per level.
                   A        B        C        D        E       F      G
               +--------+--------+--------+--------+--------+-----+--------+
         Total |     99 |     99 |      0 |     30 |      0 |   1 |   99.0 |
       Dungeon |     99 |     99 |      0 |     30 |      0 |   1 |   99.0 |
               +--------+--------+--------+--------+--------+-----+--------+

Top non-repeatable levels by time:
       D: 99 daAuts
